Map: Echo LE (Void)

Players

SneakyBear - Winner!

  • Race: Zerg Zerg
  • League: Bronze
  • Spawn Location: 11:00

A.I. 1 (Very Easy)

  • Race: Terran Terran
  • Spawn Location: 5:00

VOD

Have the link to the VOD?

Description

Time

  • Played on: Dec. 31, 2016, 10:26 p.m.
  • Length: 6:33
Show
View Real Time Build Order
Export as new Build Order

SneakyBear Zerg - Winner!

Build Orders: Pool First, Zergling Baneling 

Get SALT Encoding   

  12  0:00  Drone  
  13  0:13  Overlord  
  13  0:26  Drone  
  14  0:31  Drone x2  
  16  0:43  Spawning Pool  
  16  0:45  Drone  
  16  0:49  Extractor  
  15  0:52  Drone  
  16  0:59  Drone  
  17  1:10  Drone  
  18  1:21  Hatchery  
  18  1:24  Drone  
  18  1:32  Overlord  
  18  1:40  Queen  
  18  1:44  Zergling x2  
  21  1:58  Zergling x2  
  22  2:08  Zergling x2  
  23  2:13  Baneling Nest  
  22  2:18  Extractor  
  22  2:22  Drone  
  22  2:26  Drone  
  23  2:31  Queen  
  25  2:40  Queen  
  25  2:43  Drone x2  
  29  2:45  Drone  
  30  2:54  Drone x2  
  30  2:57  Overlord  
  32  3:12  Overlord x2  
  32  3:32  Zergling x2  
  32  3:33  Zergling x8  
  37  3:38  Drone x2  
  37  3:39  Drone  
  40  3:42  Lair  
  40  3:48  Baneling  
  40  3:49  Baneling x5  
  40  3:57  Drone  
  40  3:58  Zergling x4  
  40  3:59  Zergling x4  
  45  4:15  Zergling x8  
  45  4:16  Zergling x2  
  50  4:20  Baneling x2  
  50  4:21  Baneling x2  
  50  4:26  Zergling x2  
  50  4:27  Zergling x2  
  52  4:48  Overlord x5  
  52  5:11  Zergling x2  
  52  5:12  Zergling x20  
  63  5:21  Baneling  
  63  5:22  Baneling x10  
  63  5:26  Zergling x4  
  65  5:43  Zergling x6  
Show
View Real Time Build Order
Export as new Build Order

A.I. 1 (Very Easy) Terran 

Build Orders:  

Get SALT Encoding   

  12  0:00  SCV  
  13  0:13  SCV  
  14  0:18  Supply Depot  
  14  0:37  Refinery  
  14  0:42  Barracks  
  14  1:04  Supply Depot  
  14  1:12  Refinery  
  14  1:29  Orbital Command  
  14  1:30  Marine  
  15  1:54  SCV  
  16  2:03  Marine  
  16  2:06  SCV  
  18  2:18  SCV  
  19  2:30  SCV  
  19  2:36  Marine  
  21  2:43  SCV  
  22  2:55  SCV  
  23  5:50  SCV  
  23  5:51  Marine  
  23  5:52  Supply Depot  
  23  5:56  Factory  
  25  6:02  SCV  
  22  6:14  Command Center, SCV  
  22  6:17  Factory  
Tags
 
League
Bronze
Matchup
TvZ
Opening
Pool First
Spawn Locations
Cross Positions
Add a new tag
Caveats
  • Supply blocks, unpowered buildings, or Contaminate may cause inaccurate times.
  • Supply counts are checked every 10 seconds.